 Dungeon Crawl Stone Soup version 0.30.0 (webtiles) character file.

Game seed: 10120514874436759122

274 wpisznazwe the Slasher (level 6, -3/45 (47) HPs)
             Began as a Merfolk Gladiator on May 6, 2023.
             Slain by a wight
             ... wielding a +0 battleaxe
              (4 damage)
             ... on level 3 of the Dungeon.
             The game lasted 00:03:16 (1463 turns).

wpisznazwe the Slasher (Merfolk Gladiator)          Turns: 1463, Time: 00:03:17

HP:   -3/45 (47)    AC:  4    Str: 14    XL:     6   Next: 24%
MP:   6/6           EV: 14    Int:  8    God:
Gold: 90            SH:  4    Dex: 17    Spells: 5/5 levels left

rFire   + . .        l - +4 hand axe "Ruicral" {heavy, rF+}
rCold   . . .        n - +0 buckler
rNeg    . . .        b - +0 leather armour
rPois   .            c - +0 helmet
rElec   .            (no cloak)
rCorr   .            (no gloves)
SInv    .            (no boots)
Will    .....        (no amulet)
Stlth   ++           (no ring)
HPRegen 0.27/turn    (no ring)
MPRegen 0.10/turn

%: no passive effects
@: lightly drained
A: (nimble swimmer 2), mertail
a: no special abilities


You were on level 3 of the Dungeon.
You visited 1 branch of the dungeon, and saw 3 of its levels.

You collected 90 gold pieces.

Inventory:

Hand Weapons
 a - a +0 long sword
 l - the +4 hand axe "Ruicral" (weapon) {heavy, rF+}
   (You found it on level 2 of the Dungeon)

   rF:        It protects you from fire.
Missiles
 d - 3 throwing nets (quivered)
 e - a javelin
Armour
 b - a +0 leather armour (worn)
 c - a +0 helmet (worn)
 n - a +0 buckler (worn)
Wands
 p - a wand of polymorph (8)
Scrolls
 f - a scroll of poison {unknown}
 g - 4 scrolls of identify {unknown}
 i - 2 scrolls of noise {unknown}
 j - 2 scrolls of immolation {unknown}
 k - a scroll of vulnerability {unknown}
 m - a scroll of fog {unknown}
 s - a scroll of teleportation {unknown}
Potions
 h - a potion of curing {unknown}
 o - 2 potions of berserk rage {unknown}
 q - a potion of flight {unknown}
 r - 2 potions of cancellation {unknown}


   Skills:
 + Level 3.3 Fighting
 + Level 6.5 Long Blades
 + Level 2.1 Throwing
 + Level 5.4 Dodging
 + Level 1.0 Stealth
 + Level 0.6 Shields


You had 5 spell levels left.
You didn't know any spells.
Your spell library contained the following spells:

 Spells                   Type           Power      Damage    Failure   Level
 Gell's Gravitas          Tloc           0%         N/A       92%         3
 Inner Flame              Hex/Fire       0%         N/A       92%         3
 Teleport Other           Tloc           0%         N/A       92%         3
 Flame Wave               Conj/Fire      0%         2d4       100%        4
 Sticky Flame             Conj/Fire      0%         2d3       100%        4
 Dispersal                Tloc           0%         N/A       100%        6


Dungeon Overview and Level Annotations

Branches:
Dungeon (3/15)

Altars:
Fedhas


Innate Abilities, Weirdness & Mutations

((You are very nimble when in or above water. (Stealth+, EV+, Speed+++)))
Your lower body shifts to a powerful aquatic tail in water.


Message History

The wight barely misses you.
Your life force feels restored.
Your Fighting skill increases to level 3!
You hit the wight.
The wight is moderately damaged.
You block the wight's attack. The wight barely misses you.
You hit the wight.
The wight is heavily damaged.
The wight barely misses you. You block the wight's attack.
You hit the wight.
The wight is severely damaged.
The wight hits you with a +0 dire flail!
The wight closely misses you.
You slash the wight!
You destroy the wight!
You block the wight's attack.
Your Stealth skill increases to level 1!
You have reached level 6!
The wight attacks as you move away! The wight hits you with a +0 battleaxe!
* * * LOW HITPOINT WARNING * * *
The wight attacks as you move away! The wight closely misses you.
You slash the wight!
The wight is almost destroyed.
The wight misses you. x2
You closely miss the wight.
The wight is almost destroyed.
The wight hits you with a +0 battleaxe.
* * * LOW HITPOINT WARNING * * *
The wight barely misses you.
You hit the wight but do no damage.
The wight is almost destroyed.
The wight closely misses you. The wight hits you with a +0 battleaxe.
* * * LOW HITPOINT WARNING * * *
Unknown command.
You barely miss the wight.
The wight is almost destroyed.
The wight closely misses you. The wight hits you with a +0 battleaxe!
* * * LOW HITPOINT WARNING * * *
You feel drained.
You die...

# # #########
###........
############.#....####
#...z@.......#....# #
#.##########.#....####
#)# #.#........ #.#
#.......... ..#
########........ ...
................ ####
################


You could see a wight.

Vanquished Creatures
  3 wights (D:3)
  Natasha (thrice) (D:2)
  An adder (D:2)
  2 dart slugs
  5 bats
  2 endoplasms (D:2)
  A goblin (D:3)
  4 hobgoblins
  3 quokkas
  4 ball pythons
  4 frilled lizards
  4 kobolds
  2 rats
38 creatures vanquished.

Vanquished Creatures (others)
  11 plants
11 creatures vanquished.

Grand Total: 49 creatures vanquished

Notes
Turn   | Place    | Note
-------+----------+-------------------------------------------
     0 | D:1      | wpisznazwe the Merfolk Gladiator began the quest for the
                  | Orb.
     0 | D:1      | Reached XP level 1. HP: 16/16 MP: 1/1
   172 | D:1      | Reached XP level 2. HP: 22/22 MP: 2/2
   357 | D:1      | Reached skill level 4 in Long Blades
   613 | D:2      | Identified the +4 hand axe "Ruicral" {heavy, rF+}
   648 | D:2      | Found a blossoming altar of Fedhas.
   717 | D:2      | Reached XP level 3. HP: 27/28 MP: 3/3
   864 | D:2      | Noticed Natasha
   875 | D:2      | Killed Natasha
   876 | D:2      | Reached XP level 4. HP: 20/34 MP: 4/4
   957 | D:2      | Found a faded altar of an unknown god.
  1059 | D:2      | Noticed Natasha
  1073 | D:2      | Killed Natasha
  1074 | D:2      | Reached skill level 5 in Long Blades
  1085 | D:2      | Noticed Natasha
  1093 | D:2      | Killed Natasha
  1380 | D:3      | Reached XP level 5. HP: 36/39 MP: 5/5
  1448 | D:3      | Reached skill level 6 in Long Blades
  1448 | D:3      | Reached skill level 5 in Dodging
  1456 | D:3      | Reached skill level 1 in Stealth
  1456 | D:3      | Reached XP level 6. HP: 17/47 MP: 6/6
  1463 | D:3      | HP: 1/47 [wight/+0 battleaxe (8)]
  1463 | D:3      | Slain by a wight

Illustrated notes

Levels and vault maps discovered:
D:1:      lemuel_arrival_rhombus, layout_basic, serial_bayou,
          serial_bayou_crossing, serial_bayou_lagoon_a, serial_bayou_shore_a,
          serial_bayou_lake_a
D:2:      layout_basic, basic_altar, serial_forest, infiniplex_forest_corner_1,
          infiniplex_forest_diagonal, infiniplex_forest_lined_3_way,
          infiniplex_forest_lined_corner, shapermc_ecumenical_altar_ellora,
          amethyst_killhole, uniq_natasha
D:3:      layout_basic, uniq_sigmund, uniq_crazy_yiuf_cottage

Skill      XL: |  1  2  3  4  5 |
---------------+----------------+-----
Long Blades    | 4 5 6 |  6.5
Dodging        | 5 |  5.4
Fighting       | 3 |  3.3
Stealth        | 1 |  1.0
Throwing       | |  2.1
Shields        | |  0.6

Action                     |  1- 3 |  4- 6 || total
---------------------------+-------+-------++-------
  Melee: Long sword        |    54 |       ||    54
         Tailslap          |     7 |       ||     7
         Hand axe          |    22 |    37 ||    59
         Unarmed           |       |     6 ||     6
   Stab: Sleeping          |     1 |       ||     1
 Armour: Leather armour    |    15 |     6 ||    21
  Dodge: Dodged            |    44 |    40 ||    84
  Block: Buckler           |     3 |     4 ||     7
